 Dungeon Crawl Stone Soup version 0.21.0-24-g2553a33 (webtiles) character file.

50 Monsterracer the Ducker (level 3, 0/21 HPs)
             Began as a Deep Elf Gladiator on Jan 20, 2018.
             Slain by Terence
             ... wielding a +2 flail of draining
              (9 damage)
             ... on level 2 of the Dungeon.
             The game lasted 00:01:12 (1867 turns).

Monsterracer the Ducker (Deep Elf Gladiator)        Turns: 1867, Time: 00:01:12

Health: 0/21       AC:  4    Str: 11    XL:     3   Next: 55%
Magic:  0/5        EV: 13    Int: 12    God:
Gold:   56         SH:  0    Dex: 17    Spells: 2/2 levels left

rFire    . . .     SeeInvis .   a - +0 quarterstaff
rCold    . . .     Gourm    .   (shield currently unavailable)
rNeg     . . .     Faith    .   b - +0 leather armour
rPois    .         Spirit   +   f - +0 helmet
rElec    .         Reflect  .   (no cloak)
rCorr    .         Harm     .   (no gloves)
MR       .....                  (no boots)
Stlth    +.........             j - amulet of guardian spirit
HPRegen  0.07/turn              (no ring)
MPRegen  0.09/turn              (no ring)

@: drained
A: no striking features
a: no special abilities


You were on level 2 of the Dungeon.
You were not hungry.

You visited 1 branch of the dungeon, and saw 2 of its levels.

You collected 56 gold pieces.

Inventory:

Hand Weapons
 a - a +0 quarterstaff (weapon)
Missiles
 d - a throwing net (quivered)
Armour
 b - a +0 leather armour (worn)
 f - a +0 helmet (worn)
Jewellery
 j - an amulet of guardian spirit (around neck)
Scrolls
 e - a scroll of enchant weapon {unknown}
 g - a scroll of amnesia {unknown}
 k - a scroll of remove curse {unknown}
 l - a scroll of fog {unknown}
 m - a scroll of identify {unknown}
 o - a scroll of blinking {unknown}
Potions
 h - a potion of lignification {unknown}
 i - a potion of brilliance {unknown}
 n - a potion of curing {unknown}
Comestibles
 c - 6 rations


   Skills:
 + Level 2.1(1.1) Fighting
 * Level 3.9(2.8) Staves
 - Level 2.0(0.9) Throwing
 + Level 4.2(3.1) Dodging


You had 2 spell levels left.
You didn't know any spells.

Dungeon Overview and Level Annotations

Branches:
Dungeon (2/15)

Altars:
Ashenzari
Nemelex Xobeh

Annotations:
D:2 Terence


Message History

You take 3 damage, and have 18/21 hp.
You now have 4/5 mp.
You hit the goblin but do no damage. The goblin closely misses you.
The kobold hits you but does no damage.
You hit the goblin.
You kill the goblin!
The kobold hits you.
You now have 3/5 mp.
You hit the kobold.
You kill the kobold!
No target in view!
No target in view!
No target in view!
n - a metallic ruby potion;
o - a scroll labeled TISHOT IBUOGG You see here a club.
Health restored: 21; MP restored: 5
c - 6 rations (gained 1)
You open the door.
Found a sparkling altar of Nemelex Xobeh.
There is an open door here.
As you open the door, it creaks loudly!
Terence the Incautious opens the door.
He is wielding a flail of draining.
There is an open door here.
Terence hits you with a flail of draining.
You feel drained.
There is an open door here.
You take 4 damage, and have 17/21 hp.
You now have 3/5 mp.
Terence is nearby!
You hit Terence.
Terence is lightly wounded.
Terence misses you.
You closely miss Terence.
Terence is lightly wounded.
Terence hits you but does no damage.
You feel drained.
You barely miss Terence. Terence closely misses you.
You hit Terence.
Terence is lightly wounded.
Terence hits you with a flail of draining!
You feel drained.
* * * LOW HITPOINT WARNING * * *
You take 7 damage, and have 10/21 hp.
MASSIVE DAMAGE!!
You now have 1/5 mp.
Okay, then.
Throwing (i - inventory):
d - 3 throwing nets (quivered)
Press: ? - help, Shift-Dir - straight line, f - Terence
Aim: Terence, wielding a flail of draining and wearing a runed ring mail (lightly wounded)
You throw a throwing net. The throwing net hits Terence.
Terence is caught in the net!
Terence is lightly wounded.
You catch the helpless Terence completely off-guard!
You hit Terence but do no damage.
Terence is lightly wounded.
Terence struggles against the net. x2
You hit Terence but do no damage.
Terence is lightly wounded.
Terence struggles against the net.
You catch the helpless Terence completely off-guard!
You hit Terence.
Terence is lightly wounded.
Terence struggles against the net.
You hit Terence.
Terence is lightly wounded.
Terence struggles against the net.
You hit Terence but do no damage.
Terence is lightly wounded.
Terence struggles against the net.
The net rips apart, and Terence comes free!
You closely miss Terence.
Terence is lightly wounded.
Terence misses you.
You hit Terence.
Terence is moderately wounded.
Terence hits you with a flail of draining.
* * * LOW HITPOINT WARNING * * *
You feel drained.
You take 2 damage, and have 9/21 hp.
You now have 1/5 mp.
Throwing (i - inventory):
d - 2 throwing nets (quivered)
Press: ? - help, Shift-Dir - straight line, f/p - Terence
Aim: Terence, wielding a flail of draining and wearing a runed ring mail (moderately wounded)
You throw a throwing net. The throwing net hits Terence.
Terence is caught in the net!
Terence is moderately wounded.
Terence struggles against the net.
You hit Terence but do no damage.
Terence is moderately wounded.
Terence struggles against the net.
You catch the helpless Terence completely off-guard!
You hit Terence.
Terence is heavily wounded.
Terence struggles against the net.
You hit Terence but do no damage.
Terence is heavily wounded.
Terence struggles against the net.
You thump Terence!
Terence is severely wounded.
Terence struggles against the net.
The net rips apart, and Terence comes free!
You hit Terence but do no damage.
Terence is severely wounded.
Terence shouts, "Get ready for death!"
Terence hits you with a flail of draining!
You die...

.......#### #####.......#
#####.....# #.......#
#.....###########......<#
#.....##.........########
##.....##.###.###..#
..'........# #.# #. ..
###.....#..###'###....
#.....##...'_###....
#........###@###....
#######..# #@# .. ..# #.#
##.. ... #. ... #+###


You could see Terence.

Vanquished Creatures
  2 adders
  A dart slug (D:1)
  3 giant cockroaches (D:1)
  6 goblins
  4 hobgoblins
  4 bats
  2 frilled lizards (D:1)
  4 kobolds
  5 rats (D:1)
31 creatures vanquished.

Notes
Turn   | Place    | Note
-------+----------+-------------------------------------------
     0 | D:1      | Monsterracer the Deep Elf Gladiator began the quest for the Orb.
     0 | D:1      | Reached XP level 1. HP: 12/12 MP: 3/3
   264 | D:1      | HP: 6/12 [goblin (3)]
   265 | D:1      | Reached XP level 2. HP: 9/17 MP: 4/4
  1060 | D:1      | Reached skill level 4 in Dodging
  1286 | D:2      | Reached XP level 3. HP: 14/21 MP: 3/5
  1291 | D:2      | HP: 10/21 [poisoned by an adder]
  1296 | D:2      | HP: 9/21 [poisoned by an adder]
  1303 | D:2      | HP: 7/21 [poisoned by an adder]
  1311 | D:2      | HP: 6/21 [poisoned by an adder]
  1741 | D:2      | Found a shattered altar of Ashenzari.
  1845 | D:2      | Found a sparkling altar of Nemelex Xobeh.
  1849 | D:2      | Noticed Terence
  1853 | D:2      | HP: 10/21 [Terence/flail of draining (1)]
  1861 | D:2      | HP: 9/21 [Terence/flail of draining (2)]
  1867 | D:2      | Slain by Terence

Skill      XL: |  1  2 |
---------------+-------+-----
Dodging        | 4 |  4.2
Fighting       | 2 |  2.1
Staves         | |  3.9
Throwing       | |  2.0

Action                   || total
-------------------------++-------
Melee: Quarterstaff      ||   103
Throw: Throwing net      ||     2
 Stab: Held in net/web   ||     3
  Eat: Chunk             ||     3
Armor: Leather armour    ||    20
Dodge: Dodged            ||    65

Vault maps used:
D:1:      lightli_arrival_farm, minmay_misc_feat_rows
D:2:      lemuel_doored_altar, yredelemnul_forgotten_temple_becter,
          old_standard_altar, uniq_terence
